 Dungeon Crawl Stone Soup version 0.29-a0-23-ga79f92ac9c (webtiles) character file.

Game seed: 16914382509244623604

142 HallandMoats the Skirmisher (level 5, -6/28 HPs)
             Began as a Vine Stalker Fighter on Jan 30, 2022.
             Mangled by Sigmund (9 damage)
             ... on level 3 of the Dungeon.
             The game lasted 00:04:12 (2569 turns).

HallandMoats the Skirmisher (Vine Stalker Fighter)  Turns: 2569, Time: 00:04:12

Health: -6/28      AC:  8    Str: 19    XL:     5   Next: 24%
Magic:  0/7        EV: 10    Int:  8    God:
Gold:   75         SH:  5    Dex: 15    Spells: 4/4 levels left

rFire   . . .      SeeInvis .   a - +0 war axe
rCold   . . .      Faith    .   c - +0 buckler
rNeg    . . .      Spirit   +   o - +2 ring mail of the Comet {+Blink}
rPois   .          Reflect  .   (no helmet)
rElec   .          Harm     .   (no cloak)
rCorr   .          Rampage  .   n - +0 pair of gloves
Will    .....                   (no boots)
Stlth   +.........              (no amulet)
HPRegen 0.89/turn               (no ring)
MPRegen 0.10/turn               (no ring)

@: mighty
A: fangs 2, regeneration 1, magic shield, antimagic bite, no potion heal 2
a: Evoke Blink


You were on level 3 of the Dungeon.
You visited 1 branch of the dungeon, and saw 3 of its levels.

You collected 75 gold pieces.

Inventory:

Hand Weapons
 a - a +0 war axe (weapon)
Armour
 c - a +0 buckler (worn)
 n - a +0 pair of gloves (worn)
 o - the +2 ring mail of the Comet (worn) {+Blink}
   (You found it on level 2 of the Dungeon)

   +Blink:    It lets you blink.
Jewellery
 j - a ring of ice
Wands
 b - a wand of flame (15)
Scrolls
 e - 3 scrolls of identify {unknown}
 h - a scroll of summoning {unknown}
 k - a scroll of fear {unknown}
Potions
 f - 2 potions of attraction {unknown}
 g - a potion of brilliance {unknown}
 i - a potion of flight {unknown}
 l - a potion of resistance {unknown}
 m - a potion of ambrosia {unknown}
 p - a potion of haste {unknown}


   Skills:
 * Level 3.3 Fighting
 * Level 2.7 Axes
 + Level 2.7 Armour
 + Level 0.8 Dodging
 + Level 3.2 Shields
 * Level 2.0 Invocations


You had 4 spell levels left.
You didn't know any spells.
Your spell library was empty.

Dungeon Overview and Level Annotations

Branches:
Dungeon (3/15)

Altars:

Annotations:
D:3 Sigmund


Innate Abilities, Weirdness & Mutations

You have extremely sharp teeth.
Your natural rate of healing is unusually fast.
When hurt, damage is shared between your health and your magic reserves.
Your bite disrupts and absorbs the magic of your enemies.
Potions cannot restore your health.


Message History

You bump into the rock wall.
Sigmund hits you with a +0 scythe. The giant cockroach bites you.
The giant cockroach barely misses you. Sigmund hits you but does no damage.
The giant cockroach barely misses you. The giant cockroach barely misses you.
Sigmund gestures wildly while chanting.
Sigmund flickers and vanishes!
Deactivating autopickup; reactivate with Ctrl-A.
The giant cockroach bites you but does no damage.
You feel less confused. Something hits you but does no damage.
The giant cockroach barely misses you.
The giant cockroach bites you but does no damage.
Something hits you!
You barely miss the giant cockroach.
The giant cockroach closely misses you. x2
Something hits you.
You closely miss the giant cockroach.
The giant cockroach bites you but does no damage.
The giant cockroach bites you. Something hits you.
You closely miss the giant cockroach. Your bite misses the giant cockroach.
The giant cockroach barely misses you. Something hits you.
The giant cockroach misses you.
You hit the giant cockroach.
You kill the giant cockroach!
Something hits you but does no damage.
You hear some strange, mumbled words.
A puff of flame appears from out of thin air!
The puff of flame hits you.
You miss something. Something hits you.
You closely miss something. Your bite misses something.
You block something's attack.
You miss something. Your bite misses something. Something hits you!
You miss something. You bite something! You drain its magic.
You feel invigorated. Something hits you!
You barely miss something. Something hits you!
* * * LOW HITPOINT WARNING * * *
You miss something. You bite something. Something hits you!
* * * LOW HITPOINT WARNING * * *
You completely miss something. Your bite misses something. You miss something.
Something hits you!
You die...

.#.##.# #..##..##...#....
...##># ##.##..##########
.####.### #.....# #
....#...## ##....### #
.##...#..###### #..##...##
#
.###..##......###.###.#..#
# .#
#..#######...#.###.##)#####
# .# ##.....#
###....##<##.....# # ##
#.###..#
##@...#.######.#### #># #
#{##.........†..## #.#
#.#............... ...
........##.#######...# ...
##....### .# #.#.# #.#
#..### .# ###.#.# #.# ....
. ....... #... . ###.#.( .
#.###


There were no monsters in sight!

Vanquished Creatures
  7 adders
  A worm (D:2)
  A dart slug (D:1)
  7 ball pythons
  5 bats
  A bat skeleton (D:2)
  5 endoplasms
  7 giant cockroaches
  5 goblins
  6 hobgoblins
  3 jackals (D:1)
  A quokka (D:2)
  6 frilled lizards
  9 kobolds
  6 rats
70 creatures vanquished.

Notes
Turn   | Place    | Note
-------+----------+-------------------------------------------
     0 | D:1      | HallandMoats the Vine Stalker Fighter began the quest for
                  | the Orb.
     0 | D:1      | Reached XP level 1. HP: 11/11 MP: 2/2
   143 | D:1      | Reached XP level 2. HP: 16/16 MP: 1/3
   611 | D:1      | Reached skill level 1 in Invocations
   614 | D:1      | Reached XP level 3. HP: 10/19 MP: 1/4
  1475 | D:2      | Found a faded altar of an unknown god.
  1797 | D:2      | Gained mutation: Your natural rate of healing is unusually
                  | fast. [Vine Stalker growth]
  1797 | D:2      | Reached XP level 4. HP: 10/24 MP: 3/6
  1978 | D:2      | Identified the +2 ring mail of the Comet {+Blink}
  2006 | D:2      | Reached XP level 5. HP: 28/28 MP: 7/7
  2538 | D:3      | Noticed Sigmund
  2567 | D:3      | HP: 1/28 [something (6)]
  2569 | D:3      | Mangled by Sigmund

Illustrated notes

Levels and vault maps discovered:
D:1:      erik_arrival_cave_to_civilisation [erik_arrival_cave_to_hall],
          layout_basic, minivault_14, st_stairs_2
D:2:      layout_loops_ring, basic_ecumenical_altar, st_stairs_8,
          minmay_surrounded
D:3:      layout_rooms, portal_sewer_entry_c, uniq_sigmund

Skill      XL: |  1  2  3  4  5 |
---------------+----------------+-----
Axes           | 2 |  2.7
Invocations    | 1 2 |  2.0
Fighting       | 3 |  3.3
Shields        | 3 |  3.2
Armour         | |  2.7
Dodging        | |  0.8

Action                   |  1- 3 |  4- 6 || total
-------------------------+-------+-------++-------
Melee: War axe           |    96 |    65 ||   161
       Bite              |    16 |    13 ||    29
  Use: Potion            |       |     1 ||     1
Armor: Scale mail        |    52 |    13 ||    65
       Ring mail         |       |    16 ||    16
Dodge: Dodged            |    35 |    45 ||    80
Block: Buckler           |    23 |    11 ||    34

Table legend: (Time is in decaauts)
 A = Elapsed time spent in this place.
 B = Non-inter-level travel time spent in this place.
 C = Inter-level travel time spent in this place.
 D = Time resting spent in this place.
 E = Time spent auto-exploring this place.
 F = Levels seen in this place.
 G = Mean time per level.
                   A        B        C        D        E       F      G
               +--------+--------+--------+--------+--------+-----+--------+
         Total |   2636 |   2557 |     79 |      6 |   2055 |   3 |  878.7 |
       Dungeon |   2636 |   2557 |     79 |      6 |   2055 |   3 |  878.7 |
               +--------+--------+--------+--------+--------+-----+--------+

Top non-repeatable levels by time:
     D:1: 1423 daAuts
     D:2: 975 daAuts
     D:3: 237 daAuts
